TOP OF THE 1ST |
Jersey City Tritons batting - Pitching for Plymouth Rocks : RHP Ken Shelton
|
Pitching: RHP Ken Shelton
|
|
Batting: LHB Dana Waldrip
|
0-0: Ball 1-0: Foul Ball, location: 2F 1-1: Ball 2-1: Ball 3-1: Base on Balls
|
Batting: RHB Rand McNally
|
0-0: Ball 1-0: Foul Ball, location: 2F 1-1: Ball 2-1: Ball 3-1: Base on Balls Dana Waldrip to second
|
Batting: LHB Víctor Robledo
|
0-0: Grounds into double play, 5-4-3 (Groundball, 56) Dana Waldrip to third
|
Batting: RHB Yoshihiro Iwasaki
|
0-0: Foul Ball, location: 2F 0-1: Foul Ball, location: 2F 0-2: Ball 1-2: Ball 2-2: Fly out, F5 (Line Drive, 5S)
|
Top of the 1st over - 0 runs, 0 hits, 0 errors, 1 left on base; Jersey City 0 - Plymouth 0 |
BOTTOM OF THE 1ST |
Plymouth Rocks batting - Pitching for Jersey City Tritons : RHP Francisco Sandoval
|
Pitching: RHP Francisco Sandoval
|
|
Batting: LHB Jeff Lawson
|
0-0: Foul Ball, location: 2F 0-1: Ball 1-1: Ball 2-1: Ball 3-1: SINGLE (Groundball, 56S) (infield hit)
|
Batting: RHB Luis Guerrero
|
0-0: Ball Jeff Lawson steals 2nd base 1-0: Ground out 5-3 (Groundball, 56)
|
Batting: LHB José Castillo
|
0-0: Called Strike 0-1: Ball 1-1: Fly out, F7 (Flyball, 7)
|
Batting: SHB Javier Vega
|
0-0: Ball 1-0: Foul Ball, location: 2F 1-1: Foul Ball, location: 2F 1-2: Ball 2-2: Foul Ball, location: 2F 2-2: Strikes out swinging
|
Bottom of the 1st over - 0 runs, 1 hit, 0 errors, 1 left on base; Jersey City 0 - Plymouth 0 |
TOP OF THE 2ND |
Jersey City Tritons batting - Pitching for Plymouth Rocks : RHP Ken Shelton
|
Batting: SHB Dave Atkins
|
0-0: Ball 1-0: Ball 2-0: Ball 3-0: Called Strike 3-1: Base on Balls
|
Batting: SHB Holden Nolan
|
0-0: Ball 1-0: Ball 2-0: Fly out, F8 (Flyball, 8RD)
|
Batting: RHB Carlos Rúbio
|
0-0: Ball 1-0: Swinging Strike 1-1: Fly out, F6 (Flyball, 56D)
|
Batting: SHB John Krog
|
Pickoff Throw to First - Error! E1 Dave Atkins to second 0-0: Swinging Strike 0-1: Ball 1-1: Ball 2-1: Ball 3-1: Base on Balls
|
Batting: RHB Seth Rollins
|
0-0: Called Strike 0-1: SINGLE (Line Drive, 56) Dave Atkins to third John Krog to second Runner from 3rd tries for Home, SAFE, no throw
|
Batting: LHB Dana Waldrip
|
0-0: Ball 1-0: Ball 2-0: Called Strike 2-1: SINGLE (Groundball, 6MD) John Krog to third Seth Rollins to second
|
Batting: RHB Rand McNally
|
0-0: Ball 1-0: Fly out, F5 (Popup, 5S)
|
Top of the 2nd over - 1 run, 2 hits, 1 error, 3 left on base; Jersey City 1 - Plymouth 0 |
BOTTOM OF THE 2ND |
Plymouth Rocks batting - Pitching for Jersey City Tritons : RHP Francisco Sandoval
|
Batting: LHB Edgardo De Jesús
|
0-0: Ground out 5-3 (Groundball, 5L)
|
Batting: RHB Sadakuno Taketo
|
0-0: Ball 1-0: Ball 2-0: Foul Ball, location: 2F 2-1: Swinging Strike 2-2: Ball 3-2: Foul Ball, location: 2F 3-2: SOLO HOME RUN (Flyball, 7LD), Distance : 385 ft
|
Batting: RHB Cosmo Bjorkenheim
|
0-0: Ground out 6-3 (Groundball, 6)
|
Batting: SHB Raúl Rodríguez
|
0-0: Ball 1-0: Ball 2-0: SINGLE (Line Drive, 78M)
|
Batting: RHB Kazu Hishida
|
0-0: Ball 1-0: Fly out, F9 (Flyball, 9LS)
|
Bottom of the 2nd over - 1 run, 2 hits, 0 errors, 1 left on base; Jersey City 1 - Plymouth 1 |
TOP OF THE 3RD |
Jersey City Tritons batting - Pitching for Plymouth Rocks : RHP Ken Shelton
|
Batting: LHB Víctor Robledo
|
0-0: Ground out 4-3 (Groundball, 4)
|
Batting: RHB Yoshihiro Iwasaki
|
0-0: Ball 1-0: Ball 2-0: Ball 3-0: Called Strike 3-1: Foul Ball, location: 2F 3-2: Strikes out swinging wild pitch, reaches first!
|
Batting: SHB Dave Atkins
|
0-0: Called Strike 0-1: Ball 1-1: Ball 2-1: Foul Ball, location: 2F 2-2: Ground out 6-3 (Groundball, 6) Yoshihiro Iwasaki to second
|
Batting: SHB Holden Nolan
|
0-0: Ground out 1-3 (Groundball, 15S)
|
Top of the 3rd over - 0 runs, 0 hits, 0 errors, 1 left on base; Jersey City 1 - Plymouth 1 |
BOTTOM OF THE 3RD |
Plymouth Rocks batting - Pitching for Jersey City Tritons : RHP Francisco Sandoval
|
Batting: LHB Jeff Lawson
|
0-0: Ball 1-0: Swinging Strike 1-1: Ball 2-1: SINGLE (Groundball, 3S) (infield hit)
|
Batting: RHB Luis Guerrero
|
0-0: Ball Jeff Lawson steals 2nd base 1-0: Ball 2-0: Called Strike 2-1: Foul Ball, location: 2F 2-2: Fly out, F5 (Line Drive, 5L)
|
Batting: LHB José Castillo
|
0-0: Ball 1-0: 2-RUN HOME RUN (Flyball, 9D), Distance : 372 ft
|
Batting: SHB Javier Vega
|
0-0: Called Strike 0-1: Ball 1-1: Called Strike 1-2: Fly out, F7 (Flyball, 78M)
|
Batting: LHB Edgardo De Jesús
|
0-0: Ball 1-0: Called Strike 1-1: Ball 2-1: Foul Ball, location: 2F 2-2: Foul Ball, location: 2F 2-2: Ground out U3 (Groundball, 3)
|
Bottom of the 3rd over - 2 runs, 2 hits, 0 errors, 0 left on base; Jersey City 1 - Plymouth 3 |
TOP OF THE 4TH |
Jersey City Tritons batting - Pitching for Plymouth Rocks : RHP Ken Shelton
|
Batting: RHB Carlos Rúbio
|
0-0: Swinging Strike 0-1: Called Strike 0-2: Ball 1-2: Ball 2-2: Strikes out looking
|
Batting: SHB John Krog
|
0-0: Ball 1-0: Foul Ball, location: 2F 1-1: Foul Ball, location: 2F 1-2: Foul Ball, location: 2F 1-2: Ball 2-2: DOUBLE (Line Drive, 89M)
|
Batting: RHB Seth Rollins
|
0-0: Fly out, F3 (Popup, 3F)
|
Batting: LHB Dana Waldrip
|
0-0: Ball 1-0: Ball 2-0: Ball 3-0: Called Strike 3-1: Called Strike 3-2: Fly out, F7 (Flyball, 7)
|
Top of the 4th over - 0 runs, 1 hit, 0 errors, 1 left on base; Jersey City 1 - Plymouth 3 |
BOTTOM OF THE 4TH |
Plymouth Rocks batting - Pitching for Jersey City Tritons : RHP Francisco Sandoval
|
Batting: RHB Sadakuno Taketo
|
0-0: Ground out 6-3 (Groundball, 6)
|
Batting: RHB Cosmo Bjorkenheim
|
0-0: DOUBLE (Groundball, 5L)
|
Batting: SHB Raúl Rodríguez
|
0-0: Foul Ball, location: 2F 0-1: Ball 1-1: SINGLE (Line Drive, 4D) Cosmo Bjorkenheim to third Runner from 3rd tries for Home, SAFE, no throw
|
Batting: RHB Kazu Hishida
|
0-0: Ball 1-0: Fly out, F8 (Flyball, 8LM)
|
Batting: LHB Jeff Lawson
|
0-0: Called Strike 0-1: Foul Ball, location: 2F 0-2: Foul Ball, location: 2F 0-2: Ball 1-2: Foul Ball, location: 2F 1-2: Fielders Choice at 2nd, U4 (Groundball, 4M)
|
Bottom of the 4th over - 1 run, 2 hits, 0 errors, 1 left on base; Jersey City 1 - Plymouth 4 |
TOP OF THE 5TH |
Jersey City Tritons batting - Pitching for Plymouth Rocks : RHP Ken Shelton
|
Batting: RHB Rand McNally
|
0-0: Ball 1-0: Ball 2-0: Fly out, F8 (Flyball, 8RD)
|
Batting: LHB Víctor Robledo
|
0-0: Ground out 5-3 (Groundball, 56S)
|
Batting: RHB Yoshihiro Iwasaki
|
0-0: Called Strike 0-1: Ball 1-1: Ball 2-1: Foul Ball, location: 2F 2-2: Strikes out looking
|
Top of the 5th over - 0 runs, 0 hits, 0 errors, 0 left on base; Jersey City 1 - Plymouth 4 |
BOTTOM OF THE 5TH |
Plymouth Rocks batting - Pitching for Jersey City Tritons : RHP Francisco Sandoval
|
Batting: RHB Luis Guerrero
|
0-0: Called Strike 0-1: Foul Ball, location: 2F 0-2: Fly out, F8 (Flyball, 8RD)
|
Batting: LHB José Castillo
|
0-0: Swinging Strike 0-1: SOLO HOME RUN (Flyball, 9LD), Distance : 360 ft
|
Batting: SHB Javier Vega
|
0-0: DOUBLE (Flyball, 78D)
|
Batting: LHB Edgardo De Jesús
|
0-0: Called Strike 0-1: Ball 1-1: Ball Wild Pitch! Javier Vega to third 2-1: Ball 3-1: Fly out, F8 (Flyball, 8LD) Runner from 3rd tags up, OUT at HOME
|
Bottom of the 5th over - 1 run, 2 hits, 0 errors, 0 left on base; Jersey City 1 - Plymouth 5 |
TOP OF THE 6TH |
Jersey City Tritons batting - Pitching for Plymouth Rocks : RHP Ken Shelton
|
Batting: SHB Dave Atkins
|
0-0: Ball 1-0: Called Strike 1-1: Ball 2-1: Fly out, F9 (Flyball, 89D)
|
Batting: SHB Holden Nolan
|
0-0: Ball 1-0: Foul Ball, location: 2F 1-1: Foul Ball, location: 2F 1-2: Ball 2-2: Foul Ball, location: 2F 2-2: Ball 3-2: SINGLE (Groundball, 4MD)
|
Batting: RHB Carlos Rúbio
|
0-0: Ball 1-0: Grounds into double play, 5-4-3 (Groundball, 56)
|
Top of the 6th over - 0 runs, 1 hit, 0 errors, 0 left on base; Jersey City 1 - Plymouth 5 |
BOTTOM OF THE 6TH |
Plymouth Rocks batting - Pitching for Jersey City Tritons : RHP Francisco Sandoval
|
Batting: RHB Sadakuno Taketo
|
0-0: Ball 1-0: Called Strike 1-1: Foul Ball, location: 2F 1-2: Fly out, F8 (Flyball, 8RD)
|
Batting: RHB Cosmo Bjorkenheim
|
0-0: Ball 1-0: Foul Ball, location: 2F 1-1: Ball 2-1: Called Strike 2-2: Ground out 1-3 (Groundball, 15)
|
Batting: SHB Raúl Rodríguez
|
0-0: Ball 1-0: Swinging Strike 1-1: Ball 2-1: Ball 3-1: Foul Ball, location: 2F 3-2: SINGLE (Line Drive, 9S)
|
Batting: RHB Kazu Hishida
|
0-0: Ball 1-0: Foul Ball, location: 2F 1-1: Ball 2-1: Called Strike 2-2: Ball Raúl Rodríguez steals 2nd base 3-2: Ground out 6-3 (Groundball, 6)
|
Bottom of the 6th over - 0 runs, 1 hit, 0 errors, 1 left on base; Jersey City 1 - Plymouth 5 |
TOP OF THE 7TH |
Jersey City Tritons batting - Pitching for Plymouth Rocks : LHP Ryan McCall
|
Pitching: LHP Ryan McCall
|
|
Batting: SHB John Krog
|
0-0: Ball 1-0: Ball 2-0: Called Strike 2-1: Ball 3-1: Called Strike 3-2: Foul Ball, location: 2F 3-2: Base on Balls
|
Batting: RHB Seth Rollins
|
0-0: Foul Ball, location: 2F 0-1: Ball 1-1: Ball 2-1: Called Strike 2-2: Foul Ball, location: 2F 2-2: Strikes out swinging
|
Batting: LHB Dana Waldrip
|
0-0: Foul Ball, location: 2F 0-1: Ball 1-1: Fly out, F8 (Flyball, 8RS)
|
Batting: RHB Rand McNally
|
0-0: Ball 1-0: Called Strike 1-1: Fly out, F4 (Popup, 23)
|
Top of the 7th over - 0 runs, 0 hits, 0 errors, 1 left on base; Jersey City 1 - Plymouth 5 |
BOTTOM OF THE 7TH |
Plymouth Rocks batting - Pitching for Jersey City Tritons : RHP Francisco Sandoval
|
Batting: LHB Jeff Lawson
|
0-0: Ground out 1-3 (Groundball, P)
|
Batting: RHB Luis Guerrero
|
0-0: Called Strike 0-1: Ball 1-1: Ball 2-1: SINGLE (Groundball, 56D)
|
Pitching: RHP Kenny Makris
|
|
Batting: LHB José Castillo
|
0-0: Ball Luis Guerrero steals 2nd base 1-0: Ball Wild Pitch! Luis Guerrero to third 2-0: Ball 3-0: Called Strike 3-1: Called Strike 3-2: Base on Balls
|
Batting: SHB Javier Vega
|
0-0: Called Strike José Castillo steals 2nd base 0-1: Swinging Strike 0-2: Strikes out swinging
|
Batting: LHB Edgardo De Jesús
|
0-0: Ball 1-0: Called Strike 1-1: Swinging Strike 1-2: Strikes out swinging
|
Bottom of the 7th over - 0 runs, 1 hit, 0 errors, 2 left on base; Jersey City 1 - Plymouth 5 |
TOP OF THE 8TH |
Jersey City Tritons batting - Pitching for Plymouth Rocks : LHP Ryan McCall
|
Batting: LHB Víctor Robledo
|
0-0: Ball 1-0: Swinging Strike 1-1: Foul Ball, location: 2F 1-2: Ball 2-2: Foul Ball, location: 2F 2-2: SINGLE (Line Drive, 78M)
|
Batting: RHB Yoshihiro Iwasaki
|
0-0: Called Strike 0-1: Ball 1-1: Swinging Strike 1-2: Ball 2-2: Ball 3-2: Foul Ball, location: 2F 3-2: Foul Ball, location: 2F 3-2: Strikes out looking Víctor Robledo steals 2nd base Batter strikes out.
|
Batting: SHB Dave Atkins
|
0-0: Ball 1-0: Called Strike 1-1: Called Strike 1-2: Ball 2-2: Foul Ball, location: 2F 2-2: Strikes out swinging
|
Batting: SHB Holden Nolan
|
0-0: DOUBLE (Line Drive, 8RD) Víctor Robledo scores
|
Batting: RHB Carlos Rúbio
|
0-0: Called Strike 0-1: Ball 1-1: SINGLE (Line Drive, 6D) Holden Nolan to third Runner from 3rd tries for Home, SAFE, no throw
|
Pitching: RHP Javier Luna
|
|
Batting: SHB John Krog
|
0-0: Foul Ball, location: 2F 0-1: Ball 1-1: Swinging Strike 1-2: Ground out 4-3 (Groundball, 34)
|
Top of the 8th over - 2 runs, 3 hits, 0 errors, 1 left on base; Jersey City 3 - Plymouth 5 |
BOTTOM OF THE 8TH |
Plymouth Rocks batting - Pitching for Jersey City Tritons : RHP Kenny Makris
|
Batting: RHB Sadakuno Taketo
|
0-0: Ball 1-0: Called Strike 1-1: Swinging Strike 1-2: Fly out, F9 (Flyball, 9D)
|
Batting: RHB Cosmo Bjorkenheim
|
0-0: Ball 1-0: Ball 2-0: Ball 3-0: Called Strike 3-1: Called Strike 3-2: SINGLE (Line Drive, 7S)
|
Batting: SHB Raúl Rodríguez
|
0-0: Ball 1-0: Ball 2-0: Ball 3-0: Swinging Strike 3-1: Called Strike 3-2: Base on Balls Cosmo Bjorkenheim to second
|
Pinch Hitting: SHB Roku Hara
|
0-0: Ball 1-0: Called Strike 1-1: Ball 2-1: Fly out, F5 (Flyball, 56D)
|
Batting: LHB Jeff Lawson
|
0-0: Ground out U3 (Groundball, 3L)
|
Bottom of the 8th over - 0 runs, 1 hit, 0 errors, 2 left on base; Jersey City 3 - Plymouth 5 |
TOP OF THE 9TH |
Jersey City Tritons batting - Pitching for Plymouth Rocks : RHP Javier Luna
|
Pitching: LHP Roberto Aguirre
|
|
Now at 3B: Chris Costa
|
|
Batting: RHB Seth Rollins
|
0-0: Ball 1-0: Ball 2-0: Called Strike 2-1: Swinging Strike 2-2: Strikes out swinging
|
Batting: LHB Dana Waldrip
|
0-0: Swinging Strike 0-1: Foul Ball, location: 2F 0-2: Ground out 1-3 (Groundball, 13S)
|
Batting: RHB Rand McNally
|
0-0: Ball 1-0: Swinging Strike 1-1: Ground out 5-3 (Groundball, 5L)
|
Top of the 9th over - 0 runs, 0 hits, 0 errors, 0 left on base; Jersey City 3 - Plymouth 5 |
|